 Dungeon Crawl Stone Soup version 0.28-a0-1524-ge72afd5fc6 (webtiles) character file.

Game seed: 12397891661228539450

120831 frimble the Demonic Aeon (level 16, -12/125 HPs)
             Began as a Demonspawn Warper on Jan 18, 2022.
             Was the Champion of Cheibriados.
             Mangled by a +2 flail of protection (21 damage)
             ... on level 1 of the Elven Halls.
             The game lasted 00:47:17 (26269 turns).

frimble the Demonic Aeon (Demonspawn Warper)       Turns: 26269, Time: 00:47:18

Health: -12/125    AC: 13    Str: 26    XL:     16   Next: 31%
Magic:  9/25       EV: 18    Int: 41    God:    Cheibriados [******]
Gold:   2245       SH:  7    Dex: 32    Spells: 9/23 levels left

rFire   . . .      SeeInvis .   Q - +8 demon whip "Pud Omej" {flame, Dex+4}
rCold   . . .      Faith    .   D - +0 buckler
rNeg    . . .      Spirit   .   q - +1 leather armour "Bemnal" {Will++ Int+5}
rPois   .          Reflect  .   (helmet unavailable)
rElec   .          Harm     .   J - +0 cloak
rCorr   +          Rampage  .   E - +0 pair of gloves
Will    +++..                   s - +0 pair of boots
Stlth   +++++.....              y - amulet of the acrobat
HPRegen 0.30/turn               l - ring of resist corrosion
MPRegen 0.19/turn               B - +4 ring of protection

@: slowed, very slow
A: horns 3, demonic guardian 2, sharp scales 2, demonic magic 3, passive freeze,
weak 1
a: Renounce Religion, Bend Time, Temporal Distortion, Slouch, Step From Time


You were on level 1 of the Elven Halls.
You worshipped Cheibriados.
Cheibriados was exalted by your worship.
You visited 5 branches of the dungeon, and saw 25 of its levels.
You also visited: Ossuary.

You collected 2609 gold pieces.
You spent 364 gold pieces at shops.

Inventory:

Hand Weapons
 c - the +7 rapier of Ruination {vorpal, rC+ Str+3}
   (You found it on level 5 of the Dungeon)

   It inflicts extra damage upon your enemies.
   Str:       It affects your strength (+3).
   rC:        It protects you from cold.
 Q - the +8 demon whip "Pud Omej" (weapon) {flame, Dex+4}
   (You found it on level 7 of the Dungeon)

   It burns those it strikes, dealing additional fire damage.
   Dex:       It affects your dexterity (+4).
Missiles
 d - 2 javelins
 i - 13 boomerangs (quivered)
 n - 5 silver javelins
Armour
 m - a +4 troll leather armour
 q - the +1 leather armour "Bemnal" (worn) {Will++ Int+5}
   (You found it on level 2 of the Dungeon)

   Int:       It affects your intelligence (+5).
   Will:      It greatly increases your willpower.
 s - a +0 pair of boots (worn)
 D - a +0 buckler (worn)
 E - a +0 pair of gloves (worn)
 J - a +0 cloak (worn)
 R - a +0 kite shield
Jewellery
 l - a ring of resist corrosion (left hand)
 o - a ring of willpower
 y - an amulet of the acrobat (around neck)
 B - a +4 ring of protection (right hand)
 X - a ring of positive energy
Wands
 a - a wand of digging (7)
 b - a wand of mindburst (1)
 H - a wand of flame (19)
 S - a wand of acid (23)
 W - a wand of iceblast (6)
Scrolls
 e - 9 scrolls of immolation
 j - 4 scrolls of fog
 k - 5 scrolls of vulnerability
 r - 3 scrolls of torment
 w - 7 scrolls of enchant armour
 C - 9 scrolls of identify
 F - a scroll of amnesia
 G - 7 scrolls of teleportation
 K - 6 scrolls of enchant weapon
 L - 5 scrolls of fear
 M - a scroll of holy word
 P - a scroll of blinking
 Y - 2 scrolls of brand weapon
Potions
 f - 5 potions of flight
 g - 4 potions of invisibility
 h - 10 potions of degeneration
 p - 4 potions of lignification
 t - 2 potions of brilliance
 v - 5 potions of heal wounds
 x - 7 potions of mutation
 z - 9 potions of curing
 A - 2 potions of berserk rage
 I - a potion of ambrosia {unknown}
 N - 2 potions of haste
 O - 5 potions of cancellation
 T - a potion of might {unknown}
 U - 2 potions of magic {unknown}
 V - 2 potions of resistance {unknown}
 Z - 2 potions of attraction {unknown}
Miscellaneous
 u - a tin of tremorstones (1/2)


   Skills:
 - Level 11.0 Fighting
 - Level 7.4 Short Blades
 + Level 11.6 Maces & Flails
 - Level 8.0 Throwing
 - Level 2.0 Armour
 - Level 6.0 Dodging
 - Level 9.0 Stealth
 - Level 4.0 Shields
 - Level 4.0 Spellcasting
 - Level 8.0 Translocations
 + Level 7.1 Transmutations
 - Level 7.0 Ice Magic
 + Level 7.0 Earth Magic
 - Level 12.0 Invocations
 - Level 6.0 Evocations


You had 9 spell levels left.
You knew the following spells:

 Your Spells              Type           Power      Damage    Failure   Level
a - Blink                 Tloc           100%       N/A       1%          2
b - Apportation           Tloc           100%       N/A       1%          1
c - Ozocubu's Armour      Ice            60%        N/A       1%          3
d - Statue Form           Tmut/Erth      40%        N/A       36%         6
e - Passwall              Tmut/Erth      50%        N/A       1%          2

Your spell library contained the following spells:

 Spells                   Type           Power      Damage    Failure   Level
 Ensorcelled Hibernation  Hex/Ice        72%        N/A       1%          2
 Gell's Gravitas          Tloc           65%        N/A       1%          3
 Lesser Beckoning         Tloc           65%        N/A       1%          3
 Teleport Other           Tloc           65%        N/A       1%          3
 Animate Skeleton         Necr           16%        N/A       4%          1
 Slow                     Hex            32%        N/A       4%          1
 Summon Small Mammal      Summ           32%        N/A       4%          1
 Manifold Assault         Tloc           65%        N/A       4%          5
 Scorch                   Fire           16%        2d5       7%          2
 Static Discharge         Conj/Air       8%         N/A       7%          2
 Lee's Rapid Deconstruct  Erth           30%        3d17*     7%          5
 Iskenderun's Mystic Bla  Conj/Tloc      41%        2d9       9%          4
 Leda's Liquefaction      Hex/Erth       18%        N/A       11%         4
 Confusing Touch          Hex            8%         N/A       13%         3
 Dazzling Flash           Conj/Hex       16%        N/A       13%         3
 Swiftness                Air            8%         N/A       13%         3
 Vampiric Draining        Necr           8%         2d6       13%         3
 Summon Forest            Summ/Tloc      20%        N/A       24%         5
 Borgnjor's Vile Clutch   Necr/Erth      18%        N/A       28%         5
 Animate Dead             Necr           4%         N/A       41%         4
 Dispel Undead            Necr           8%         3d8       41%         4
 Flame Wave               Conj/Fire      8%         2d4       41%         4
 Sticky Flame             Conj/Fire      8%         2d3       41%         4
 Agony                    Necr           8%         N/A       77%         5
 Silence                  Hex/Air        4%         N/A       77%         5
 Eringya's Noxious Bog    Tmut/Pois      18%        N/A       85%         6
 Ozocubu's Refrigeration  Ice            30%        4d11      91%         7
 Death Channel            Necr           4%         N/A       100%        6
 Starburst                Conj/Fire      4%         6d3       100%        6
 Summon Cactus Giant      Summ           4%         N/A       100%        6
 Summon Hydra             Summ           4%         N/A       100%        7


Dungeon Overview and Level Annotations

Branches:
Dungeon (15/15)            Temple (1/1) D:7            Lair (6/6) D:11
  Swamp (0/4) Lair:2       Spider (0/4) Lair:2        Slime (0/5) Lair:6
    Orc (2/2) D:12            Elf (1/3) Orc:2        Vaults (0/5) D:14
 Depths (0/4) D:15        Ossuary (visited)

Altars:
Ashenzari
Cheibriados
Dithmenos
Elyvilon
Fedhas
Gozag
Hepliaklqana
Kikubaaqudgha
Makhleb
Nemelex Xobeh
Okawaru
Qazlal
Ru
Sif Muna
Trog
Uskayaw
Vehumet
Wu Jian
Xom
Yredelemnul
Zin
The Shining One
Beogh
Jiyva

Shops:
D:14 [   Orc:2 ?::[

Portals:
Trove: D:10 (give 13 potions of heal wounds)

Annotations:
D:11 exclusion: 2 oklob plants


Innate Abilities, Weirdness & Mutations

You have a pair of large horns on your head.
A demonic guardian rushes to your aid.
You are mostly covered in razor-sharp scales. (AC +2, Slay +2)
Spells you cast and wands you use may paralyse nearby enemies.
A frigid envelope surrounds you and freezes all who hurt you.
You are weak. (Str -2)


Message History

Items here: )) [[.
You close the large door, pushing everything out of the way.
Items here: )) [[[.
A deep elf archer opens the large door.
The deep elf archer mumbles some strange words.
The deep elf archer blinks!
Your transformation is almost over.
The deep elf archer shoots an arrow.
The arrow hits you but does no damage.
The deep elf archer shoots an arrow.
The arrow completely misses you.
The deep elf archer shoots an arrow.
You block the arrow.
Items here: ))))) [ †.
You close the large door.
You revert to your normal fleshy form.
Your +0 pair of gloves unmelds from your body.
Your +0 pair of boots unmelds from your body.
The +1 leather armour "Bemnal" {Will++ Int+5} unmelds from your body.
The deep elf archer mumbles some strange words.
The deep elf archer blinks!
Aiming: Mindburst
Press: ? - help, Shift-Dir - straight line, f/p - deep elf archer
Aim: a deep elf archer, wielding a +0 longbow, wearing a +0 leather armour and quivering arrows (heavily wounded, repelling missiles, chance to affect: 36%)
The deep elf archer easily resists.
Malevolent energies surge around you.
The deep elf archer casts a spell at you.
You resist with almost no effort.
The deep elf archer shoots an arrow.
The arrow hits you!!!
* * * LOW HITPOINT WARNING * * *
A demonic guardian appears!
Aiming: Mindburst
Press: ? - help, Shift-Dir - straight line, f/p - deep elf archer
Aim: a deep elf archer, wielding a +0 longbow, wearing a +0 leather armour and quivering arrows (heavily wounded, repelling missiles, ally target, chance to affect: 36%)
The deep elf archer easily resists.
Malevolent energies surge around you.
The deep elf archer shoots an arrow.
The arrow hits you but does no damage.
Okay, then.
Unknown command.
You step out of the flow of time.
You return to the normal time flow.
You hit the +2 flail of protection but do no damage.
Your headbutt misses the +2 flail of protection.
You block the +2 flail of protection's attack.
The +2 flail of protection hits you!!
You die...

8........8 8........8
##..#).#$.# #8...$$)..8
8).).)?..8 ##))#..#.(#
#8()))....8 #8@[)))...8
#####''#''#++#
#(##..#.).#..#..# ######
#.......###...#### .....##
#....)...........#
......###.##..#####...###.
.......# ##.# ##.#.##
)......##.# #.###.####
.......##.# #.##)##


You could see a +2 flail of protection.

Vanquished Creatures
  Jorgrun (D:14)
  Rupert (Orc:2)
  Roxanne (D:14)
  Donald (Orc:2)
  A deep elf sorcerer (Elf:1)
  A minotaur (Lair:2)
  A dire elephant (D:15)
  An ettin (Orc:1)
  The ghost of Desusah the Arsonist, a journeyman DrCA of Ignis (Lair:2)
  3 deep elf high priests (Elf:1)
  A fire dragon (Lair:6)
  7 vault guards (D:14)
  Erolcha (Orc:2)
  17 hydras
  5 boulder beetles
  A catoblepas (Lair:6)
  5 ogre magi
  7 two-headed ogres
  5 dancing weapons (Elf:1)
  A death knight (D:14)
  7 death yaks
  An orc high priest (Orc:2)
  5 deep elf knights (Elf:1)
  3 skeletal warriors (D:14)
  2 orc knights
  2 lindwurms (Lair:6)
  6 deep elf archers (Elf:1)
  9 deep elf pyromancers
  6 deep elf zephyrmancers (Elf:1)
  8 orc sorcerers
  A salamander (D:15)
  7 ugly things
  6 manticores
  3 cyclopes
  11 elephants
  10 black mambas
  Joseph (Lair:1)
  9 cane toads
  2 torpor snails
  3 unseen horrors
  A yaktaur (D:15)
  2 kobold demonologists
  7 rime drakes
  13 komodo dragons
  An efreet (D:15)
  2 trolls
  5 slime creatures (D:13)
  2 dream sheep (Lair:6)
  17 blink frogs
  3 vampires
  A jumping spider (Lair:2)
  2 shadows
  4 wraiths
  2 water elementals
  3 wyverns
  A human (shapeshifter) (D:13)
  A fire elemental (Elf:1)
  39 yaks
  5 basilisks
  4 wargs
  2 steam dragons
  3 vampire mosquitoes (D:12)
  A neqoxec (D:5)
  A swamp worm (shapeshifter) (D:14)
  3 acid dragons
  12 water moccasins
  A swamp drake (Lair:6)
  3 black bears
  28 orc warriors
  An ice beast (D:6)
  A hornet zombie (D:5)
  4 ogres
  14 wolves
  10 centaurs
  A phantom (D:4)
  A kobold brigand (D:6)
  5 bullfrogs
  A scorpion (D:4)
  A wyvern zombie (D:9)
  A water moccasin skeleton (D:6)
  3 wights (D:7)
  6 electric eels
  4 howler monkeys
  A bullfrog zombie (D:6)
  3 centaur zombies
  2 human zombies (Ossuary)
  4 jellies
  21 orc priests
  Crazy Yiuf (D:6)
  A gnoll shaman (D:6)
  7 iguanas
  7 hell rats (Lair:4)
  Terence (D:2)
  32 orc wizards
  A killer bee zombie (D:5)
  2 hound skeletons (D:4)
  5 mummies (Ossuary)
  Robin (D:2)
  5 gnolls
  7 adders
  A howler monkey skeleton (D:5)
  2 white imps
  2 adder skeletons
  5 worms
  111 orcs
  15 endoplasms
  4 giant cockroaches
  20 goblins
  8 hobgoblins
  10 jackals
  5 quokkas
  7 ball pythons
  3 bats
  A frilled lizard (D:2)
  2 hobgoblin zombies (Ossuary)
  20 kobolds
  A kobold zombie (Ossuary)
  2 orc zombies (Ossuary)
  12 rats
718 creatures vanquished.

Vanquished Creatures (collateral kills)
  Saint Roka (Orc:2)
  A death knight (D:13)
  A centaur warrior (D:14)
  A death yak (Lair:6)
  A skeletal warrior (D:14)
  A swamp dragon (Lair:6)
  A kobold demonologist (D:13)
  A rime drake (Lair:4)
  2 freezing wraiths
  2 slime creatures (D:13)
  7 yaks
  A wraith (D:13)
  A basilisk (Lair:4)
  2 orc warriors
  A centaur (D:14)
  A wolf (Lair:1)
  An orc priest (Orc:2)
  An iguana (D:5)
  2 gnolls (Orc:2)
  2 orcs
31 creatures vanquished.

Vanquished Creatures (others)
  2 deep elf pyromancers (Elf:1)
  A deep elf zephyrmancer (Elf:1)
  2 orc wizards
  3 orcs
  28 fungi
  32 plants
  9 toadstools (D:4)
77 creatures vanquished.

Grand Total: 826 creatures vanquished

Notes
Turn   | Place    | Note
-------+----------+-------------------------------------------
     0 | D:1      | frimble the Demonspawn Warper began the quest for the Orb.
     0 | D:1      | Reached XP level 1. HP: 16/16 MP: 3/3
   230 | D:1      | Gained mutation: Spells you cast may paralyse adjacent
                  | enemies. [demonic ancestry]
   230 | D:1      | Reached XP level 2. HP: 14/22 MP: 5/5
  1581 | D:2      | Gained mutation: You are partially covered in razor-sharp
                  | scales. (AC +1, Slay +1) [demonic ancestry]
  1581 | D:2      | Reached XP level 3. HP: 27/27 MP: 6/6
  1613 | D:2      | Noticed Robin
  1649 | D:2      | Killed Robin
  1650 | D:2      | Reached skill level 1 in Armour
  2076 | D:2      | Identified the +1 leather armour "Bemnal" {Will++ Int+5}
  2180 | D:2      | Reached XP level 4. HP: 29/33 MP: 7/7
  2320 | D:2      | Found a faded altar of an unknown god.
  2565 | D:2      | Noticed Terence
  2569 | D:2      | Learned a level 2 spell: Blink
  2583 | D:2      | Killed Terence
  3539 | D:3      | Gained mutation: You are mostly covered in razor-sharp
                  | scales. (AC +2, Slay +2) [demonic ancestry]
  3539 | D:3      | Reached XP level 5. HP: 38/38 MP: 8/8
  3991 | D:4      | Noticed a phantom
  4013 | D:4      | Killed a phantom
  4188 | D:4      | Gained mutation: You have a pair of small horns on your
                  | head. [demonic ancestry]
  4188 | D:4      | Reached XP level 6. HP: 11/44 MP: 9/9
  4752 | D:4      | Found a radiant altar of Vehumet.
  5120 | D:4      | Found a shimmering blue altar of Sif Muna.
  5524 | D:4      | Reached skill level 5 in Translocations
  5552 | D:4      | Gained mutation: A weak demonic guardian rushes to your
                  | aid. [demonic ancestry]
  5552 | D:4      | Reached XP level 7. HP: 36/50 MP: 10/10
  5963 | D:5      | Entered Level 5 of the Dungeon
  6125 | D:5      | Killed an unseen horror
  6126 | D:5      | Reached skill level 5 in Short Blades
  6371 | D:5      | Identified the +0 leather armour of Disaster {+Inv Regen+
                  | Str-4}
  6764 | D:5      | Reached XP level 8. HP: 54/56 MP: 11/11
  6801 | D:5      | Noticed Grinder
  6806 | D:5      | Noticed Grinder
  6806 | D:5      | Grinder changed into Grinder the neqoxec
  6822 | D:5      | Gained mutation: A frigid envelope surrounds you and
                  | freezes all who hurt you. [Grinder]
  6871 | D:5      | Identified the +7 rapier of Ruination {vorpal, rC+ Str+3}
  6883 | D:5      | Killed Grinder the neqoxec
  7398 | D:6      | Reached skill level 1 in Stealth
  7398 | D:6      | Reached skill level 1 in Shields
  7924 | D:6      | Found a runed translucent door.
  7925 | D:6      | Noticed Crazy Yiuf
  7931 | D:6      | Killed Crazy Yiuf
  8079 | D:7      | Found a staircase to the Ecumenical Temple.
  8105 | D:7      | Reached skill level 1 in Evocations
  8192 | D:7      | Found a sand-covered staircase.
  8205 | Ossuary  | Entered an ossuary
  8271 | Ossuary  | Gained mutation: You have a pair of horns on your head.
                  | [demonic ancestry]
  8271 | Ossuary  | Reached XP level 9. HP: 64/64 MP: 12/12
  8598 | Temple   | Entered the Ecumenical Temple
  8723 | Temple   | Became a worshipper of Cheibriados the Contemplative
  8962 | D:7      | Identified the +8 demon whip "Pud Omej" {flame, Dex+4}
  9465 | D:8      | Reached skill level 1 in Maces & Flails
 10144 | D:9      | Noticed a manticore
 10157 | D:9      | Killed a manticore
 10303 | D:9      | Reached * piety under Cheibriados
 10321 | D:9      | Reached skill level 5 in Fighting
 10321 | D:9      | Gained mutation: Spells you cast may paralyse nearby
                  | enemies. [demonic ancestry]
 10321 | D:9      | Reached XP level 10. HP: 56/74 MP: 13/13
 10553 | D:9      | Learned a level 1 spell: Apportation
 10557 | D:9      | Learned a level 3 spell: Ozocubu's Armour
 10608 | D:9      | Reached skill level 1 in Invocations
 10899 | D:10     | Entered Level 10 of the Dungeon
 10919 | D:10     | Reached skill level 1 in Ice Magic
 10930 | D:10     | Reached skill level 2 in Invocations
 10949 | D:10     | Reached skill level 5 in Stealth
 10950 | D:10     | Reached skill level 3 in Invocations
 11028 | D:10     | Found a portal to a secret trove of treasure.
 11465 | D:10     | Reached skill level 5 in Evocations
 11807 | D:11     | Noticed a cyclops
 11815 | D:11     | Killed a cyclops
 11816 | D:11     | Reached skill level 4 in Invocations
 11881 | D:11     | Noticed an oklob plant
 11884 | D:11     | Noticed an oklob plant
 11884 | D:11     | Noticed a cyclops
 11909 | D:11     | Killed a cyclops
 11920 | D:11     | Noticed a boulder beetle
 11945 | D:11     | Killed a boulder beetle
 11946 | D:11     | Reached skill level 5 in Invocations
 11946 | D:11     | Gained mutation: A demonic guardian rushes to your aid.
                  | [demonic ancestry]
 11946 | D:11     | Reached XP level 11. HP: 53/83 MP: 11/14
 12099 | D:11     | Reached ** piety under Cheibriados
 12435 | D:11     | Reached *** piety under Cheibriados
 12436 | D:11     | Reached skill level 6 in Invocations
 12483 | D:11     | Found a staircase to the Lair.
 12489 | D:11     | Reached skill level 5 in Maces & Flails
 12864 | D:12     | Reached skill level 1 in Throwing
 12926 | D:12     | Noticed a boulder beetle
 12926 | D:12     | Noticed a two-headed ogre
 13038 | Lair:1   | Entered Level 1 of the Lair of Beasts
 13092 | Lair:1   | Noticed a seven-headed hydra
 13101 | Lair:1   | Killed a seven-headed hydra
 13182 | Lair:1   | Reached skill level 5 in Ice Magic
 13484 | Lair:1   | Noticed Joseph
 13494 | Lair:1   | Killed Joseph
 14015 | Lair:2   | Found a hole to the Spider Nest.
 14078 | Lair:2   | Reached **** piety under Cheibriados
 14088 | Lair:2   | Gained mutation: You have a pair of large horns on your
                  | head. [demonic ancestry]
 14088 | Lair:2   | Reached XP level 12. HP: 82/92 MP: 7/16
 14148 | Lair:2   | Found a runed translucent gate.
 14149 | Lair:2   | Found a runed translucent gate.
 14150 | Lair:2   | Found a runed translucent gate.
 14155 | Lair:2   | Noticed a minotaur
 14155 | Lair:2   | Noticed Desusah's ghost (journeyman DrCA)
 14318 | Lair:2   | Noticed a death yak
 14318 | Lair:2   | Noticed a death yak
 14318 | Lair:2   | Noticed a death yak
 14319 | Lair:2   | Noticed a death yak
 14342 | Lair:2   | Noticed a death yak
 14416 | Lair:3   | Found an ornate altar of the Wu Jian Council.
 14417 | Lair:3   | Noticed a boulder beetle
 14426 | Lair:3   | Killed a boulder beetle
 14427 | Lair:3   | Reached skill level 7 in Invocations
 14427 | Lair:3   | Found a hide-covered altar of Uskayaw.
 14501 | Lair:3   | Noticed a six-headed hydra
 14507 | Lair:3   | Killed a six-headed hydra
 15166 | Lair:4   | Noticed a seven-headed hydra
 15170 | Lair:4   | Killed a seven-headed hydra
 15236 | Lair:4   | Reached skill level 8 in Invocations
 15356 | Lair:4   | Reached ***** piety under Cheibriados
 15436 | Lair:4   | Reached skill level 5 in Throwing
 15812 | Lair:4   | Reached XP level 13. HP: 101/101 MP: 19/19
 16686 | Lair:5   | Reached skill level 9 in Invocations
 17317 | Lair:6   | Entered Level 6 of the Lair of Beasts
 17329 | Lair:6   | Reached ****** piety under Cheibriados
 17804 | Lair:6   | Reached skill level 10 in Fighting
 17804 | Lair:6   | Reached skill level 10 in Invocations
 18050 | Lair:6   | Reached XP level 14. HP: 106/110 MP: 21/21
 18589 | Lair:6   | Found a viscous altar of Jiyva.
 18589 | Lair:6   | Found a staircase to the Slime Pits.
 18676 | Lair:2   | Reached skill level 5 in Dodging
 18943 | Lair:2   | Found a staircase to the Swamp.
 19542 | Lair:2   | Killed Desusah's ghost
 19549 | Lair:2   | Reached skill level 11 in Invocations
 19806 | D:12     | Identified the +3 short sword "Voinats" {drain, SInv}
 19869 | D:12     | Found a staircase to the Orcish Mines.
 21354 | D:14     | Noticed Roxanne
 21374 | D:14     | Killed Roxanne
 21385 | D:14     | Learned a level 6 spell: Statue Form
 21563 | D:14     | Identified the +1 pair of gloves "Soor" {Rampage rCorr
                  | Slay+3}
 21590 | D:14     | Found Roxiacso's Armour Shoppe.
 21596 | D:14     | Bought a +0 pair of gloves for 72 gold pieces
 21640 | D:14     | Noticed Jorgrun
 21654 | D:14     | Killed Jorgrun
 21655 | D:14     | Reached skill level 1 in Transmutations
 21780 | D:14     | Reached skill level 1 in Earth Magic
 21917 | D:14     | Reached XP level 15. HP: 54/118 MP: 23/23
 22094 | D:14     | Found a gate to the Vaults.
 22110 | D:14     | Reached skill level 12 in Invocations
 22544 | D:15     | Entered Level 15 of the Dungeon
 22609 | D:15     | Found a staircase to the Depths.
 23022 | D:15     | Reached skill level 10 in Maces & Flails
 23698 | Orc:1    | Entered Level 1 of the Orcish Mines
 23709 | Orc:1    | Learned a level 2 spell: Passwall
 24199 | Orc:2    | Entered Level 2 of the Orcish Mines
 24199 | Orc:2    | Noticed Donald
 24207 | Orc:2    | Killed Donald
 24250 | Orc:2    | Found a staircase to the Elven Halls.
 24317 | Orc:2    | Gained mutation: You are weak. (Str -2) [a neqoxec]
 24486 | Orc:2    | Noticed Rupert
 24498 | Orc:2    | Killed Rupert
 24632 | Orc:2    | Noticed Saint Roka
 24651 | Orc:2    | Killed Saint Roka
 24652 | Orc:2    | Reached skill level 5 in Transmutations
 24652 | Orc:2    | Reached skill level 5 in Earth Magic
 24871 | Orc:2    | Found Deqiu's Antique Armour Emporium.
 24894 | Orc:2    | Bought an ichor-stained chain mail for 247 gold pieces
 24894 | Orc:2    | Identified the +1 chain mail "Futwo" {Str+3 SInv} (You
                  | bought it in a shop on level 2 of the Orcish Mines)
 24909 | Orc:2    | Found an ancient bone altar of Kikubaaqudgha.
 24917 | Orc:2    | Found Xyvuonat's Book Shoppe.
 24988 | Orc:2    | Noticed Erolcha
 24996 | Orc:2    | Killed Erolcha
 25044 | Orc:2    | Found Giluiqia's Book Shoppe.
 25100 | Orc:2    | Found Avuari's Magic Scroll Emporium.
 25120 | Orc:2    | Bought a scroll of immolation for 45 gold pieces
 25135 | Orc:2    | Found a radiant altar of Vehumet.
 25600 | Elf:1    | Entered Level 1 of the Elven Halls
 25874 | Elf:1    | Gained mutation: Spells you cast and wands you use may
                  | paralyse nearby enemies. [demonic ancestry]
 25874 | Elf:1    | Reached XP level 16. HP: 64/125 MP: 14/25
 26269 | Elf:1    | Mangled by a +2 flail of protection

Illustrated notes

Levels and vault maps discovered:
D:1:      dpeg_arrival_leaves_temple_mockup, layout_basic, serial_forest,
          infiniplex_forest_clump_C, infiniplex_forest_fountain,
          infiniplex_forest_end_double, infiniplex_forest_clump_double,
          hangedman_decor_points, minmay_heptomino_d4
D:2:      layout_loops_corners, basic_ecumenical_altar, uniq_terence, uniq_robin
D:3:      layout_basic
D:4:      cheibrodos_fertilizer, layout_basic, lemuel_blue_sif_altar,
          minmay_ruined_shrine
D:5:      layout_loops_cross, amcnicky_mini_rare_corridor_liquid, uniq_grinder
D:6:      layout_rooms, uniq_crazy_yiuf_cottage
D:7:      layout_basic, minmay_temple_entry_waves, enter_ossuary_1
D:8:      layout_loops_corners, serial_co_window_serial, co_window_paths_b,
          co_window_corner_a, co_window_paths_a, co_window_corner_a,
          co_window_paths_a, co_window_of_opportunity_c, co_window_paths_c,
          co_window_corner_b, co_window_2corner, co_window_unsneaky_path_a,
          glass_columns_a, kennysheep_windowed_goal
D:9:      layout_cave_pods
D:10:     layout_gridville, nicolae_trove_entry_crossroad, serial_glass,
          glass_columns_a, glass_columns_a, glass_columns_c, glass_columns_b,
          glass_columns_a
D:11:     layout_roguey [special_room_orc], dpeg_oklobed_lair
D:12:     layout_basic, erik_orc_4
D:13:     layout_cave_pools
D:14:     layout_long_grid, erik_vaults_2, serial_shops,
          nicolae_shop_statue_plus, hangedman_decor_peaks_small, uniq_roxanne,
          uniq_jorgrun
D:15:     hangedman_depths_entry_try_elsewhere_first, layout_layer_cave,
          amcnicky_mini_pool_small
Temple:   regret_index_temple_sigil_plot
Lair:1:   layout_cave_pods, beast_lair_carwin_6, uniq_joseph
Lair:2:   layout_layer_cave, minmay_swamp_entry_reptiles, spider_nest_entry_a,
          maelrawn_ghost_gauntlet_escape
Lair:3:   layout_hall_layers, chequers_serial_rivers_room_a,
          nzn_masters_of_martial_movement, grunt_megastairs_3,
          lemuel_fruit_tree, infiniplex_staircase_pool
Lair:4:   layout_small_grid, st_stairs_12, lemuel_fruit_fields
Lair:5:   layout_cave_pods, serial_bayou_shore_b, lemuel_fruit_fields,
          lemuel_fruit_fields
Lair:6:   hangedman_lair_in_review, layout_regular_city,
          guppyfry_lair_end_dragon, dpeg_slime_entry_enclosed_altar,
          lemuel_fruit_fields
Orc:1:    layout_caves, basic_altar
Orc:2:    kennysheep_orc_mage_school, layout_diamond_mine,
          nicolae_orc_lava_room, uniq_erolcha, uniq_donald, uniq_rupert,
          uniq_saint_roka
Elf:1:    layout_rooms, orc_legates

Skill      XL: |  1  2  3  4  5  6  7  8  9 10 11 12 13 14 15 16 |
---------------+-------------------------------------------------+-----
Short Blades   | 2 3 4 5 7 |  7.4
Dodging        | 2 4 6 |  6.0
Translocations | 3 4 5 6 7 8 |  8.0
Armour         | 1 2 |  2.0
Stealth        | 2 4 5 7 8 9 |  9.0
Shields        | 2 4 |  4.0
Fighting       | 3 5 6 8 9 10 11 | 11.0
Evocations     | 1 3 5 6 |  6.0
Maces & Flails | 2 4 6 7 8 9 11 | 11.6
Invocations    | 5 6 8 10 11 12 | 12.0
Ice Magic      | 3 5 6 7 |  7.0
Throwing       | 3 5 6 7 8 |  8.0
Spellcasting   | 3 4 |  4.0
Transmutations | 1 6 7 |  7.1
Earth Magic    | 1 6 7 |  7.0

Action                   |  1- 3 |  4- 6 |  7- 9 | 10-12 | 13-15 | 16-18 || total
-------------------------+-------+-------+-------+-------+-------+-------++-------
Melee: Short sword       |   147 |   271 |    31 |       |       |       ||   449
       Punch             |     1 |     5 |     4 |     1 |       |       ||    11
       Dagger            |       |    23 |    42 |       |       |       ||    65
       Headbutt          |       |    17 |    57 |   101 |   227 |     3 ||   405
       Unarmed           |       |       |     2 |       |       |       ||     2
       Rapier            |       |       |   162 |   252 |       |       ||   414
       Demon whip        |       |       |       |   139 |   780 |    19 ||   938
Throw: Boomerang         |     2 |    10 |    13 |    23 |   130 |    21 ||   199
       Javelin           |       |       |       |       |     2 |       ||     2
 Cast: Blink             |       |     1 |     3 |     9 |    27 |       ||    40
       Apportation       |       |       |       |     4 |       |       ||     4
       Ozocubu's Armour  |       |       |       |    22 |    37 |       ||    59
       Statue Form       |       |       |       |       |       |     2 ||     2
Invok: Temporal Distorti |       |       |       |     1 |       |     1 ||     2
       Slouch            |       |       |       |       |     5 |     2 ||     7
       Step From Time    |       |       |       |       |     1 |     1 ||     2
Evoke: Wand              |       |     4 |    13 |    14 |    12 |     4 ||    47
       Tin of tremorston |       |       |       |       |     5 |       ||     5
  Use: Scroll            |     1 |     3 |    11 |    10 |     6 |       ||    31
       Potion            |       |       |       |       |     5 |       ||     5
 Stab: Paralysed         |       |     4 |       |    18 |    24 |       ||    46
       Sleeping          |       |       |     2 |    10 |    22 |       ||    34
       Distracted        |       |       |       |     2 |     5 |       ||     7
Armor: Leather armour    |    19 |   113 |    64 |   121 |   163 |     1 ||   481
       Ring mail         |    40 |       |       |       |       |       ||    40
       Skin              |       |       |     1 |       |       |    16 ||    17
       Troll leather arm |       |       |       |       |    40 |       ||    40
Dodge: Dodged            |   104 |   140 |    95 |   174 |   486 |    30 ||  1029
Block: Buckler           |       |       |       |    39 |   253 |    16 ||   308

Table legend: (Time is in decaauts)
 A = Elapsed time spent in this place.
 B = Non-inter-level travel time spent in this place.
 C = Inter-level travel time spent in this place.
 D = Time resting spent in this place.
 E = Time spent auto-exploring this place.
 F = Levels seen in this place.
 G = Mean time per level.
                   A        B        C        D        E       F      G
               +--------+--------+--------+--------+--------+-----+--------+
         Total |  35691 |  33614 |   2077 |    434 |  27720 |  26 | 1372.7 |
       Dungeon |  20715 |  19314 |   1401 |    401 |  15980 |  15 | 1381.0 |
        Temple |    151 |    118 |     33 |      0 |    100 |   1 |  151.0 |
          Lair |  10612 |  10198 |    414 |     33 |   8689 |   6 | 1768.7 |
  Orcish Mines |   3143 |   2916 |    227 |      0 |   2186 |   2 | 1571.5 |
   Elven Halls |    858 |    858 |      0 |      0 |    637 |   1 |  858.0 |
       Ossuary |    211 |    211 |      0 |      0 |    127 |   1 |  211.0 |
               +--------+--------+--------+--------+--------+-----+--------+

Top non-repeatable levels by time:
     D:4: 2498 daAuts
  Lair:2: 2124 daAuts
  Lair:6: 2060 daAuts
   Orc:2: 2057 daAuts
  Lair:4: 2048 daAuts
    D:15: 1908 daAuts
    D:14: 1837 daAuts
    D:12: 1772 daAuts
  Lair:5: 1761 daAuts
    D:11: 1598 daAuts
     D:1: 1508 daAuts
  Lair:1: 1487 daAuts
     D:2: 1486 daAuts
     D:8: 1312 daAuts
    D:13: 1311 daAuts
